 Dungeon Crawl Stone Soup version 0.32-a0-120-gfac0567ad4 (webtiles) character file.

Game seed: 18444602398272416063

26 cforsyth the Magician (level 3, -4/29 HPs)
             Began as a Djinni Warper on Feb 6, 2024.
             Slain by a ribbon worm (6 damage)
             ... on level 2 of the Dungeon.
             The game lasted 00:01:19 (875 turns).

cforsyth the Magician (Djinni Warper)                Turns: 875, Time: 00:01:20

Health: -4/29      AC:  3    Str: 10    XL:     3   Next: 22%
Gold:   37         EV: 11    Int: 16    God:
                   SH:  0    Dex: 12

rFire   + + .        a - +0 falchion
rCold   . . .        (no shield)
rNeg    . . .        b - +0 leather armour
rPois   ∞            (no helmet)
rElec   .            (no cloak)
rCorr   +            (no gloves)
SInv    .            (boots unavailable)
Will    .....        (no amulet)
Stlth   +            C - ring of protection from cold
HPRegen 0.24/turn    R - ring of resist corrosion
MPRegen 0.00/turn

%: infuse magic (-5 HP)
@: flying
A: sickness immunity, fire resistance 2, cold vulnerability 1, float, innate
caster, HP casting, extra vitality 1
a: no special abilities


You were on level 2 of the Dungeon.
You visited 1 branch of the dungeon, and saw 2 of its levels.

You collected 37 gold pieces.


Innate Abilities, Weirdness & Mutations

You are immune to sickness and miasma.
You are immune to poison.
Your flesh is very heat resistant. (rF++)
You are vulnerable to cold. (rC-)
You float through the air rather than walking.
You learn spells naturally, not from books.
Your magical power is your life essence.
You have superior vitality. (+4 MHP)


   Skills:
 + Level 2.8 Fighting
 - Level 1.7 Long Blades
 - Level 0.7 Throwing
 - Level 1.0 Armour
 - Level 2.1 Dodging
 + Level 3.3 Spellcasting
 + Level 3.3 Conjurations
 + Level 3.3 Hexes
 + Level 3.3 Summonings
 + Level 3.3 Necromancy
 + Level 3.3 Translocations
 + Level 3.3 Fire Magic
 + Level 3.3 Ice Magic
 + Level 3.3 Air Magic
 + Level 3.3 Earth Magic
 + Level 3.3 Alchemy


You knew the following spells:

 Your Spells              Type           Power      Damage    Failure   Level
l - Lesser Beckoning      Tloc           26%        N/A       10%         2
m - Manifold Assault      Tloc           13%        N/A       54%         4
t - Teleport Other        Tloc           13%        N/A       19%         3
B - Blink                 Tloc           26%        N/A       10%         2
X - Vhi's Electric Charg  Tloc/Air       26%        N/A       54%         4
Y - Kiss of Death         Conj/Necr      52%        2d9       6%          1
Your spell library was empty.

Inventory:

Hand Weapons
 a - a +0 falchion (weapon)
Missiles
 d - 7 darts of dispersal (quivered) {=f=f}
Armour
 b - a +0 leather armour (worn)
Jewellery
 C - a ring of protection from cold (left hand)
 R - a ring of resist corrosion (right hand)
 Z - a ring of wizardry
Scrolls
 c - 2 scrolls of blinking
 e - a scroll of vulnerability {unknown}
 f - a scroll of fear {unknown}
 g - a scroll of enchant armour {unknown}
 i - a scroll of acquirement {unknown}
Potions
 h - a potion of berserk rage {unknown}

Dungeon Overview and Level Annotations

Branches:
Dungeon (2/15)

Altars:

....#.###..#
#..#.##...# .
#..#.##...###.#
#.............
######....#...##.#
..........#......#
#####...##...####
##.####.#######
#<# #.@w....# #.#
#..†....# #.#
#........#
#.##.......)...
......!......##
.#####..?....# .
#......... ..
###.######


You could see a ribbon worm.


Message History

You are too injured to fight recklessly!
You are too injured to fight recklessly!
You are too injured to fight recklessly!
You barely miss the ribbon worm.
The ribbon worm is lightly wounded.
The ribbon worm barely misses you.
You hit the ribbon worm.
The ribbon worm is moderately wounded.
The ribbon worm expels a string of sticky webbing.
The stream of webbing hits you but does no damage.
You are caught in a web!
The web tears apart.
You barely miss the ribbon worm.
The ribbon worm is moderately wounded.
The ribbon worm closely misses you.
You hit the ribbon worm but do no damage.
The ribbon worm is moderately wounded.
The ribbon worm bites you but does no damage.
You hit the ribbon worm.
The ribbon worm is moderately wounded.
The ribbon worm bites you.
* * * LOW HITPOINT WARNING * * *
You hit the ribbon worm.
The ribbon worm is moderately wounded.
The ribbon worm bites you.
* * * LOW HITPOINT WARNING * * *
You slash the ribbon worm!
The ribbon worm is severely wounded.
The ribbon worm bites you.
You die...

Skill      XL: |  1 |
---------------+----+-----
Spellcasting   | 3 |  3.3
Conjurations   | 3 |  3.3
Hexes          | 3 |  3.3
Summonings     | 3 |  3.3
Necromancy     | 3 |  3.3
Translocations | 3 |  3.3
Fire Magic     | 3 |  3.3
Ice Magic      | 3 |  3.3
Air Magic      | 3 |  3.3
Earth Magic    | 3 |  3.3
Alchemy        | 3 |  3.3
Fighting       | |  2.8
Long Blades    | |  1.7
Throwing       | |  0.7
Armour         | |  1.0
Dodging        | |  2.1

Action                     || total
---------------------------++-------
  Melee: Falchion          ||   100
   Stab: Sleeping          ||     1
 Armour: Leather armour    ||    62
  Dodge: Dodged            ||    77

Levels and vault maps discovered:
D:1:      elethiomel_arrival_maze, layout_basic, due_unseen_surprise
D:2:      cheibrodos_old_hovel, layout_loops_ring, nicolae_grassy_gnolls

Notes
Turn   | Place    | Note
-------+----------+-------------------------------------------
     0 | D:1      | cforsyth the Djinni Warper began the quest for the Orb.
     0 | D:1      | cforsyth set off with the following spells memorised:
                  | Blink, Lesser Beckoning, Teleport Other, Manifold Assault,
                  | Vhi's Electric Charge.
     0 | D:1      | Reached XP level 1. HP: 18/18 MP: 0/0
   100 | D:1      | Reached skill level 3 in Spellcasting
   100 | D:1      | Reached skill level 3 in Conjurations
   100 | D:1      | Reached skill level 3 in Hexes
   100 | D:1      | Reached skill level 3 in Summonings
   100 | D:1      | Reached skill level 3 in Necromancy
   100 | D:1      | Reached skill level 3 in Translocations
   100 | D:1      | Reached skill level 3 in Fire Magic
   100 | D:1      | Reached skill level 3 in Ice Magic
   100 | D:1      | Reached skill level 3 in Air Magic
   100 | D:1      | Reached skill level 3 in Earth Magic
   100 | D:1      | Reached skill level 3 in Alchemy
   209 | D:1      | Reached XP level 2. HP: 23/23 MP: 0/0
   540 | D:1      | Reached XP level 3. HP: 29/29 MP: 0/0
   540 | D:1      | Learned a level 1 spell: Kiss of Death
   874 | D:2      | HP: 2/29 [ribbon worm (6)]
   875 | D:2      | Slain by a ribbon worm

Vanquished Creatures
  3 ball pythons
  6 endoplasms (D:1)
  A goblin (D:1)
  3 hobgoblins (D:1)
  2 kobolds (D:1)
  A quokka (D:1)
  3 bats (D:1)
  2 frilled lizards (D:1)
  3 rats (D:1)
24 creatures vanquished.

Table legend: (Time is in decaauts)
 A = Elapsed time spent in this place.
 B = Non-inter-level travel time spent in this place.
 C = Inter-level travel time spent in this place.
 D = Time resting spent in this place.
 E = Time spent auto-exploring this place.
 F = Levels seen in this place.
 G = Mean time per level.
                   A        B        C        D        E       F      G
               +--------+--------+--------+--------+--------+-----+--------+
         Total |    893 |    876 |     17 |      0 |    627 |   2 |  446.5 |
       Dungeon |    893 |    876 |     17 |      0 |    627 |   2 |  446.5 |
               +--------+--------+--------+--------+--------+-----+--------+

Top non-repeatable levels by time:
     D:1: 849 daAuts
     D:2: 44 daAuts

Table legend:
 A = Non-vault XP
 B = Vault XP
 C = Vault XP percentage of total XP
 D = Non-vault monster count
 E = Vault monster count
 F = Vault count percentage of total count
                 A         B        C        D         E       F
            +---------+---------+-------+---------+---------+-------
      Total |      38 |       0 |   0.0 |      24 |       0 |   0.0
            +---------+---------+-------+---------+---------+-------
        D:1 |      36 |       0 |   0.0 |      23 |       0 |   0.0
        D:2 |       2 |       0 |   0.0 |       1 |       0 |   0.0
            +---------+---------+-------+---------+---------+-------
